AoeStats
← Blanc

Arena

509180633Analyzed
4v4 RM · 6d ago on Sep 25, 2026· 47m 14s· 8 players
Game mode
Random Map
Map size
Large (8 player)
Population
200
Speed
Normal
Resources
Standard
Victory
Conquest
Starting age
Dark Age
Ending age
Imperial Age
RankedLock teamsTeams togetherTeam positionsShared explorationLock speedFull tech treeHidden civsTurbo modeCheats
Victory
Defeat
🇧🇬 Persians · Bulgaria
1292
+12
🇧🇬 Danes · Bulgaria
1274
+12
1234
+14
🇳🇱 Varangians · Netherlands
1212
+15
🇫🇷 Saracens · France
1250
-16
🇺🇸 Italians · United States
1237
-15
🇪🇸 Britons · Spain
1165
-12
🇪🇸 Danes · Spain
1104
-10
ThE MaTiO
11:18 Feudal Age
16:15 Castle Age
14:11 Double-Bit Axe
16:25 Forging
16:16 Scale Mail Armor
16:20 Horse Collar
18:25 Wheelbarrow
17:35 Loom
17:37 Town Watch
18:08 Heavy Plow
22:42 Bow Saw
23:49 Hand Cart
29:48 Imperial Age
29:28 Iron Casting
29:10 Chain Mail Armor
28:58 Squires
28:43 Gambesons
28:44 Arson
30:27 Gold Mining
30:29 Stone Mining
30:45 Town Patrol
30:40 Elite Varangian Guard
30:59 Hamask
32:01 Conscription
33:01 Masonry
32:26 Elite Skirmisher
34:41 Blast Furnace
34:13 Plate Mail Armor
35:27 Padded Archer Armor
35:17 Fletching
36:18 Gold Shaft Mining
36:20 Stone Shaft Mining
35:11 Northmen's Fury
36:17 Onager
38:37 Leather Archer Armor
38:22 Bodkin Arrow
40:55 Ring Archer Armor
40:21 Bodkin Arrow
40:33 Siege Onager
45:10 Chemistry
44:30 Ballistics
Blanc
10:11 Feudal Age
11:24 Double-Bit Axe
14:06 Castle Age
12:12 Horse Collar
19:41 Bow Saw
23:15 Wheelbarrow
22:49 Heavy Plow
24:49 Hand Cart
25:24 Gold Mining
25:24 Stone Mining
28:16 Imperial Age
26:09 Loom
26:09 Town Watch
27:16 Gold Shaft Mining
27:16 Stone Shaft Mining
28:08 Scale Barding Armor
28:13 Forging
29:39 Two-Man Saw
29:23 Crop Rotation
28:37 Cavalier
29:28 Bloodlines
29:18 Husbandry
29:44 Chain Barding Armor
29:37 Bloodlines
29:40 Husbandry
30:18 Iron Casting
29:51 Husbandry
30:27 Savar
31:42 Town Patrol
32:42 Plate Barding Armor
33:07 Blast Furnace
33:25 Blast Furnace
33:06 Conscription
33:00 Guilds
32:58 Heavy Camel Rider
35:11 Fletching
35:21 Padded Archer Armor
35:43 Ballistics
36:24 Chemistry
35:29 Kamandaran
35:37 Town Patrol
36:09 Coinage
35:45 Crossbowman
35:45 Elite Skirmisher
36:30 Thumb Ring
36:47 Bodkin Arrow
37:08 Leather Archer Armor
37:40 Light Cavalry
39:03 Caravan
39:02 Hussar
40:48 Ring Archer Armor
44:14 Coinage
Piet Hoane
10:21 Feudal Age
14:11 Castle Age
12:04 Double-Bit Axe
12:35 Horse Collar
15:43 Bow Saw
19:18 Wheelbarrow
20:55 Heavy Plow
20:56 Loom
25:35 Hand Cart
26:09 Gold Mining
26:09 Stone Mining
29:41 Imperial Age
28:44 Stone Shaft Mining
29:12 Scale Barding Armor
29:18 Forging
29:20 Bloodlines
29:11 Husbandry
28:53 Vendel Legacy
29:49 Town Watch
30:45 Chain Barding Armor
31:08 Conscription
30:54 Cavalier
32:11 Iron Casting
32:31 Treadmill Crane
33:39 Plate Barding Armor
34:05 Blast Furnace
33:36 Scale Mail Armor
35:58 Elite Varangian Guard
36:39 Squires
37:20 Gothikon
38:33 Chain Mail Armor
38:37 Gambesons
40:41 Plate Mail Armor
41:55 Arson
43:48 Ballistics
44:28 Chemistry
43:39 Masonry
43:52 Shipwright
43:51 Fletching
44:46 Bodkin Arrow
GAMARÚS de CAGABANDÚRRIES
10:59 Feudal Age
15:10 Castle Age
13:25 Double-Bit Axe
14:09 Horse Collar
16:15 Bow Saw
16:06 Heavy Plow
19:08 Wheelbarrow
21:08 Fervor
22:15 Loom
23:50 Town Watch
26:23 Padded Archer Armor
26:14 Fletching
26:41 Hand Cart
27:58 Chemistry
31:07 Imperial Age
29:42 Leather Archer Armor
31:25 Fortified Wall
31:26 Masonry
31:43 Ballistics
31:54 Wagenburg Tactics
31:59 Siege Engineers
33:07 Houfnice
34:25 Conscription
35:15 Ring Archer Armor
36:11 Elite Skirmisher
39:07 Bodkin Arrow
40:09 Bracer
41:57 Elite Hussite Wagon
42:05 Elite Hussite Wagon
47:14 Guilds
pituarthax
10:59 Feudal Age
15:22 Castle Age
13:34 Double-Bit Axe
16:47 Loom
23:34 Horse Collar
25:25 Heavy Plow
25:34 Gold Mining
26:43 Wheelbarrow
26:41 Bow Saw
26:39 Fletching
30:34 Imperial Age
27:52 Town Watch
28:52 Murder Holes
28:59 Padded Archer Armor
29:20 Stone Mining
30:18 Gold Shaft Mining
30:33 Ballistics
30:14 Treadmill Crane
31:06 Bodkin Arrow
31:25 Fortified Wall
32:33 Two-Man Saw
31:59 Conscription
32:17 Leather Archer Armor
32:14 Forging
31:42 Pikeman
32:41 Squires
33:04 Bracer
33:35 Ring Archer Armor
34:16 Yeomen
33:49 Halberdier
35:24 Warwolf
37:18 Chemistry
39:13 Iron Casting
38:39 Scale Mail Armor
38:53 Masonry
38:49 Siege Engineers
39:47 Arson
41:04 Blast Furnace
42:48 Elite Longbowman
Piquerito
10:45 Feudal Age
12:33 Double-Bit Axe
12:32 Horse Collar
15:10 Castle Age
16:29 Bow Saw
16:13 Gold Mining
19:02 Stone Mining
22:35 Loom
25:09 Wheelbarrow
25:16 Heavy Plow
28:50 Imperial Age
27:15 Scale Barding Armor
27:32 Forging
28:28 Bloodlines
28:18 Husbandry
29:42 Chain Barding Armor
29:58 Iron Casting
30:31 Chemistry
30:47 Conscription
30:08 Elite Mameluke
32:31 Gold Shaft Mining
32:22 Hand Cart
32:37 Siege Engineers
33:55 Chain Barding Armor
34:36 Blast Furnace
35:37 Counterweights
41:05 Fletching
41:37 Ballistics
42:36 Light Cavalry
Kiko de la Rica
10:42 Feudal Age
12:00 Double-Bit Axe
14:37 Castle Age
17:35 Bow Saw
17:32 Gold Mining
18:38 Horse Collar
22:22 Loom
25:05 Squires
25:17 Heavy Plow
26:07 Wheelbarrow
25:57 Town Watch
26:37 Scale Mail Armor
26:48 Forging
28:02 Chain Mail Armor
28:22 Hand Cart
29:55 Arson
30:47 Iron Casting
32:05 Fletching
32:15 Padded Archer Armor
34:54 Imperial Age
33:16 Gold Shaft Mining
33:48 Elite Skirmisher
34:35 Thumb Ring
34:27 Bodkin Arrow
34:48 Leather Archer Armor
34:57 Pikeman
34:59 Elite Varangian Guard
35:47 Stone Mining
36:48 Plate Mail Armor
37:18 Blast Furnace
37:03 Onager
38:27 Northmen's Fury
39:28 Conscription
40:35 Chemistry
39:55 Ballistics
40:15 Town Patrol
40:31 Bracer
41:01 Ring Archer Armor
Pikachu
11:03 Feudal Age
11:44 Double-Bit Axe
14:33 Castle Age
12:15 Horse Collar
17:06 Bow Saw
22:13 Stone Mining
24:25 Wheelbarrow
25:02 Gold Mining
25:16 Heavy Plow
29:05 Imperial Age
26:39 Fletching
26:49 Padded Archer Armor
27:29 Hand Cart
28:04 Bodkin Arrow
28:24 Leather Archer Armor
28:31 Leather Archer Armor
30:01 Bracer
30:31 Ring Archer Armor
31:06 Chemistry
30:27 Ballistics
31:09 Thumb Ring
30:49 Elite Genoese Crossbowman
34:51 Forging
34:46 Scale Barding Armor
40:02 Iron Casting
39:48 Chain Barding Armor
39:21 Light Cavalry
40:12 Bloodlines
40:02 Husbandry
42:30 Blast Furnace
41:16 Hussar
44:55 Plate Barding Armor
Connection lost

Rejoining the realm…

Still unreachable

The connection could not be restored.

Session expired

The server has moved on; the page needs a fresh start.